 Dungeon Crawl Stone Soup version 0.28.0 (webtiles) character file.

Game seed: 12191122812788161537

28 MacCMillion the Caller (level 3, 0/14 HPs)
             Began as a Felid Summoner on Feb 11, 2022.
             Succumbed to an adder's poison
             ... on level 1 of the Dungeon.
             The game lasted 00:04:14 (1290 turns).

MacCMillion the Caller (Felid Summoner)             Turns: 1290, Time: 00:04:14

Health: 0/14       AC:  1    Str:  4    XL:     3   Next: 0%
Magic:  4/8        EV: 17    Int: 18    God:
Gold:   17         SH:  0    Dex: 16    Spells: 6/7 levels left
                                        Lives:  0   Deaths: 0

rFire   . . .      SeeInvis +   (weapon unavailable)
rCold   . . .      Faith    .   (shield unavailable)
rNeg    . . .      Spirit   .   (armour unavailable)
rPois   .          Reflect  .   (helmet unavailable)
rElec   .          Harm     .   (cloak unavailable)
rCorr   .          Rampage  .   (gloves unavailable)
Will    .....                   (boots unavailable)
Stlth   ++........              (no amulet)
HPRegen 0.04/turn               (no ring)
MPRegen 0.11/turn               (no ring)

@: lethally poisoned (0 -> -4), very slightly contaminated, quick
A: very small, claws 1, fangs 3, see invisible, speed 1, shaggy fur 1, stealthy
paws, no weapons or thrown items, no armour, multi-lived
a: no special abilities


You were on level 1 of the Dungeon.
You visited 1 branch of the dungeon, and saw 2 of its levels.

You collected 17 gold pieces.

Inventory:

Jewellery
 d - a ring of protection from fire
Scrolls
 a - a scroll of teleportation {unknown}
 b - a scroll of fear {unknown}
 c - a scroll of noise {unknown}


   Skills:
 - Level 2.6 Dodging
 - Level 2.6 Stealth
 + Level 2.7 Spellcasting
 + Level 4.5 Summonings


You had 6 spell levels left.
You knew the following spells:

 Your Spells              Type           Power      Damage    Failure   Level
a - Summon Small Mammal   Summ           72%        N/A       2%          1

Your spell library contained the following spells:

 Spells                   Type           Power      Damage    Failure   Level
 Call Imp                 Summ           18%        N/A       4%          2
 Call Canine Familiar     Summ           18%        N/A       8%          3
 Shock                    Conj/Air       8%         1d3       17%         1
 Summon Guardian Golem    Hex/Summ       10%        N/A       21%         3
 Ignite Poison            Fire/Tmut/Pois 2%         N/A       45%         3
 Mephitic Cloud           Conj/Pois/Air  2%         N/A       45%         3
 Swiftness                Air            2%         N/A       45%         3
 Summon Lightning Spire   Summ/Air       10%        N/A       54%         4
 Airstrike                Air            1%         N/A       86%         4
 Freezing Cloud           Conj/Ice/Air   1%         6-21      99%         5


Dungeon Overview and Level Annotations

Branches:
Dungeon (2/15)

Altars:


Innate Abilities, Weirdness & Mutations

You have sharp claws.
You have razor-sharp teeth.
You have supernaturally acute eyesight. (SInv)
You cover ground quickly. (Speed+)
You are covered in fur. (AC +1)
Your paws help you pounce on unaware monsters.
You are incapable of wielding weapons or throwing items.
You cannot wear armour.
You gain extra lives every three experience levels.


Message History

Your bat hits the adder but does no damage.
Your quokka closely misses the adder.
The adder completely misses you.
Your bat closely misses the adder.
Your quokka bites the adder.
The adder misses you.
You climb upwards.
There is a stone staircase leading down here.
The adder misses you. The adder bites you.
You are poisoned.
The adder poisons you!
You feel sick.
You miscast Summon Small Mammal.
You are very lightly contaminated with residual magic.
Nothing appears to happen.
You feel sick. The adder barely misses you.
Your quokka closely misses the adder.
You are too injured to fight recklessly!
Casting: Summon Small Mammal (safe; 2% risk of failure)
Confirm with . or Enter, or press ? or * to list all spells.
You feel sick. The adder bites you.
You are lethally poisoned!
The adder poisons you!
Your quokka barely misses the adder.
* * * LOW HITPOINT WARNING * * *
You feel sick.
You aren't carrying any potions.
Unknown command.
You aren't carrying any potions.
You barely miss the adder. Your bite misses the adder.
The adder is moderately wounded.
* * * LOW HITPOINT WARNING * * *
You feel sick. The adder closely misses you.
Your rat completely misses the adder.
Your quokka closely misses the adder.
You miss the adder.
The adder is moderately wounded.
* * * LOW HITPOINT WARNING * * *
You feel sick. The adder completely misses you.
Your rat bites the adder.
Your quokka completely misses the adder.
The adder closely misses you.
You barely miss the adder.
The adder is severely wounded.
You die...

#.##.).....#
#.###....###.## #.#
#.#####.#### ##.#
#....##.#.###.#
#.......#
##..###....#.###.##..
#########
##..#...........##.###
#....>...#.##.#.#.##
##..#...###.##...#####
#..#....#.####......#
#.r####..##########.#
#.rS@.......# #.#
#.###.......# ####.#
#...........# #.....
####........# #.##.#
#######........#
#.##.#
#..............#
#....#
#.######.......#
#..### #.# #########
#..### #.# #.....#
#.....


You could see an adder (ally target), a friendly quokka (summoned) and a
friendly rat (summoned).

Vanquished Creatures (collateral kills)
  A dart slug (D:1)
  3 endoplasms (D:1)
  2 giant cockroaches (D:1)
  3 goblins (D:1)
  4 hobgoblins (D:1)
  3 kobolds (D:1)
  3 bats (D:1)
  A frilled lizard (D:1)
  3 rats (D:1)
23 creatures vanquished.

Notes
Turn   | Place    | Note
-------+----------+-------------------------------------------
     0 | D:1      | MacCMillion the Felid Summoner began the quest for the Orb.
     0 | D:1      | Reached XP level 1. HP: 7/7 MP: 4/4
   243 | D:1      | Reached XP level 2. HP: 11/11 MP: 1/6
  1196 | D:1      | Found a faded altar of an unknown god.
  1204 | D:1      | Reached XP level 3. HP: 14/14 MP: 5/8
  1290 | D:1      | Succumbed to an adder's poison

Illustrated notes

Levels and vault maps discovered:
D:1:      lightli_iron_boxes, layout_loops_cross, basic_ecumenical_altar,
          minmay_misc_feat_diagonals
D:2:      layout_rooms, serial_curves, eino_curves_01, eino_curves_01,
          dk_noncrumbling_2

Action                   || total
-------------------------++-------
Melee: Unarmed           ||     3
 Cast: Summon Small Mamm ||    52
Dodge: Dodged            ||    15
